[Event "Titled Tuesday Blitz April 18 Early 2023"]
[White "Eynullayev, Atilla"]
[Black "Martinez Ramirez, Lennis"]
[WhiteFideId "13413570"]
[BlackFideId "3509079"]
[WhiteElo "2181"]
[BlackElo "2410"]
[Result "1-0"]
[Round "07"]
[TimeControl "180+2"]
[Date "2023.04.18"]
[WhiteClock "0:00:22"]
[BlackClock "0:00:51"]

1. d4 c5 2. d5 Nf6 3. c4 g6 4. Nc3 e6 5. e4 exd5 6. cxd5 d6 7. f4 Bg7 8. Bb5+ Nfd7 9. Bd3 O-O 10. Nf3 Na6 11. O-O Nb4 12. Bb1 c4 13. a3 Qb6+ 14. Kh1 Na6 15. f5 Nac5 16. Bc2 h6 17. Be3 Qxb2 18. Bd2 Bxc3 19. Rb1 Qxa3 20. Bxh6 Bg7 21. Bxg7 Kxg7 22. Qd4+ f6 23. fxg6 Ne5 24. Ra1 Nxf3 25. Rxf3 Qb4 26. Raf1 Nd7 27. e5 Nxe5 28. Qh4 f5 29. Qh7+ Kf6 30. Rxf5+ Bxf5 31. Rxf5# 1-0


[Site "https://www.chess.com"]

[Event "Titled Tuesday Blitz April 18 Early 2023"]
[White "Ronka, Erik"]
[Black "Jaferian, Koosha"]
[WhiteFideId "505080"]
[BlackFideId "12507440"]
[WhiteElo "2264"]
[BlackElo "2073"]
[Result "1-0"]
[Round "07"]
[TimeControl "180+2"]
[Date "2023.04.18"]
[WhiteClock "0:00:04"]
[BlackClock "0:00:02"]

1. e4 c6 2. Nf3 d5 3. Nc3 Bg4 4. h3 Bxf3 5. Qxf3 e6 6. d4 Nf6 7. Bd3 dxe4 8. Nxe4 Qxd4 9. c3 Qd8 10. O-O Nbd7 11. Rd1 Be7 12. Bf4 O-O 13. Rd2 Qa5 14. a3 Nxe4 15. Bxe4 Nf6 16. b4 Qb6 17. Be3 Qc7 18. Bc2 Rfd8 19. Rad1 Rxd2 20. Rxd2 Rd8 21. Rxd8+ Bxd8 22. Bxa7 b6 23. Qd3 g6 24. a4 Nd5 25. Qa6 Nxc3 26. Bb3 Nd5 27. Bxd5 cxd5 28. a5 Qc1+ 29. Kh2 bxa5 30. b5 Qf4+ 31. g3 Qd2 32. Qc6 Bf6 33. Be3 Qb2 34. b6 Bd4 35. Bxd4 Qxd4 36. Kg2 Qe4+ 37. Kg1 Qe1+ 38. Kg2 Qe4+ 39. Kg1 Qb1+ 40. Kg2 a4 41. Qc7 Kg7 42. b7 Qe4+ 43. Kh2 Qf3 44. Qe5+ Kh6 45. Qe3+ Qxe3 46. fxe3 1-0


[Site "https://www.chess.com"]

[Event "Titled Tuesday Blitz April 18 Early 2023"]
[White "Shuvalova, Polina"]
[Black "b_6"]
[WhiteFideId "24171760"]
[WhiteElo "2281"]
[BlackElo "2486"]
[Result "1-0"]
[Round "07"]
[TimeControl "180+2"]
[Date "2023.04.18"]
[WhiteClock "0:00:20"]
[BlackClock "0:00:17"]

1. e4 e6 2. d4 d5 3. Nd2 c5 4. Ngf3 cxd4 5. Nxd4 Nf6 6. exd5 Nxd5 7. N2f3 Bb4+ 8. Bd2 O-O 9. Bxb4 Nxb4 10. c3 e5 11. Nb3 N4c6 12. Be2 Bf5 13. O-O Qe7 14. Qd2 Nd7 15. Rad1 Rad8 16. Rfe1 Rfe8 17. h3 Nf8 18. Qe3 Ng6 19. Bb5 Rxd1 20. Rxd1 Nf4 21. Bxc6 bxc6 22. Qxe5 Qxe5 23. Nxe5 Bc2 24. Rd2 Bb1 25. a3 Ba2 26. Nc5 Bd5 27. Ned3 Nxg2 28. c4 Bf3 29. Ne5 Nh4 30. Rd4 g5 31. Ncd7 Kg7 32. Kh2 f6 33. Nd3 Re1 34. Nxe1 1-0


[Site "https://www.chess.com"]

[Event "Titled Tuesday Blitz April 18 Early 2023"]
[White "Dimitrov, Atanas"]
[Black "Eggink, Ryszard"]
[WhiteFideId "2901315"]
[BlackFideId "1125869"]
[WhiteElo "2669"]
[BlackElo "2283"]
[Result "1/2-1/2"]
[Round "07"]
[TimeControl "180+2"]
[Date "2023.04.18"]
[WhiteClock "0:00:19"]
[BlackClock "0:00:15"]

1. Nf3 Nf6 2. c4 e6 3. Nc3 d5 4. e3 Be7 5. b3 O-O 6. Bb2 c5 7. cxd5 exd5 8. d4 Nc6 9. Be2 Bg4 10. dxc5 Bxc5 11. O-O Ne4 12. Nxd5 Re8 13. Rc1 Qd6 14. Nc3 Nxc3 15. Bxc3 Qe7 16. Qc2 Bb6 17. h3 Bh5 18. Qb2 f6 19. Rfd1 Kh8 20. Nd4 Bxe2 21. Qxe2 Bxd4 22. Bxd4 Qe4 23. Bb2 Rad8 24. Rc4 Rxd1+ 25. Qxd1 Qf5 26. Rf4 Qe6 27. Bd4 Rd8 28. Qa1 h6 29. b4 a6 30. a4 Qb3 31. Kh2 Nxd4 32. Rxd4 Rxd4 33. Qxd4 Qxa4 34. Qd8+ Kh7 35. Qb6 Qd7 36. g3 Qf5 37. Kg1 Qf3 38. Qd6 Qe4 39. h4 h5 40. Qc5 Kh6 41. Qf8 Kg6 42. Kh2 Qf3 43. Qe8+ Kh7 44. Kg1 Qd1+ 45. Kg2 Qd5+ 46. e4 Qe5 47. Qxe5 fxe5 48. f4 Kg6 49. Kf3 Kf6 50. Ke3 Ke6 51. Kd3 Kd6 52. Kc4 b6 53. Kb3 exf4 54. gxf4 Ke6 55. Kc4 Kd6 56. Kd4 Ke6 57. f5+ Kd6 58. e5+ Kc6 59. e6 Kd6 60. Kc4 a5 61. bxa5 bxa5 62. Kb5 g6 63. fxg6 Kxe6 64. Kxa5 Kf6 65. g7 Kxg7 66. Kb4 Kf6 67. Kc3 Kf5 68. Kd2 Kg4 69. Ke1 Kxh4 70. Kf1 Kg3 71. Kg1 Kh3 72. Kh1 Kg3 73. Kg1 h4 74. Kh1 h3 75. Kg1 h2+ 76. Kh1 Kh3 1/2-1/2


[Site "https://www.chess.com"]

[Event "Titled Tuesday Blitz April 18 Early 2023"]
[White "micke12a"]
[Black "Sadykov, Ramil"]
[BlackFideId "24113590"]
[WhiteElo "2350"]
[BlackElo "2245"]
[Result "0-1"]
[Round "07"]
[TimeControl "180+2"]
[Date "2023.04.18"]
[WhiteClock "0:00:45"]
[BlackClock "0:00:59"]

1. Nf3 c5 2. e4 e6 3. g3 Nc6 4. Bg2 Nf6 5. d3 d5 6. exd5 exd5 7. O-O h6 8. b3 Be7 9. Bb2 d4 10. Re1 O-O 11. Nbd2 Bg4 12. h3 Be6 13. Nc4 Qc7 14. Nce5 Nxe5 15. Nxe5 Rfe8 16. c3 dxc3 17. Bxc3 Bd5 18. d4 Bxg2 19. Kxg2 Rad8 20. Nf3 c4 21. bxc4 Qxc4 22. Qb3 Qd5 23. Rab1 b6 24. Re5 Qd7 25. Rbe1 Bd6 26. Rxe8+ Rxe8 27. Ne5 Qb7+ 28. f3 Qd5 29. Qa3 Bxa3 0-1


[Site "https://www.chess.com"]

[Event "Titled Tuesday Blitz April 18 Early 2023"]
[White "ilya2700"]
[Black "Harshad S"]
[BlackFideId "46616551"]
[WhiteElo "2317"]
[BlackElo "2163"]
[Result "0-1"]
[Round "07"]
[TimeControl "180+2"]
[Date "2023.04.18"]
[WhiteClock "0:02:29"]
[BlackClock "0:02:20"]

1. d4 Nf6 2. c4 e6 3. Nf3 Bb4+ 4. Bd2 Qe7 5. g3 O-O 6. Bg2 Nc6 7. O-O Bxd2 8. Nbxd2 d6 9. e4 e5 10. d5 Nb8 11. Ne1 a5 12. Nd3 Na6 13. a3 Bg4 14. f3 Bd7 15. f4 c6 16. fxe5 dxe5 17. Rc1 Nc5 0-1


[Site "https://www.chess.com"]

[Event "Titled Tuesday Blitz April 18 Early 2023"]
[White "mrithyunjay"]
[Black "Danielyan, Vahe"]
[BlackFideId "13304828"]
[WhiteElo "2309"]
[BlackElo "2423"]
[Result "1-0"]
[Round "07"]
[TimeControl "180+2"]
[Date "2023.04.18"]
[WhiteClock "0:00:25"]
[BlackClock "0:00:10"]

1. e4 c6 2. d4 d5 3. e5 Bf5 4. Nd2 e6 5. Nb3 Ne7 6. h4 h5 7. Be3 Bg6 8. Bd3 Nf5 9. Bxf5 Bxf5 10. Ne2 Be7 11. Ng3 Bg6 12. c3 Nd7 13. Qf3 Bxh4 14. O-O-O a5 15. Ne2 a4 16. Nd2 a3 17. b3 Bg5 18. Nf4 Bxf4 19. Bxf4 c5 20. Nb1 cxd4 21. Rxd4 Rc8 22. g4 Qb6 23. Be3 Nxe5 24. Qg3 Qc7 25. Bf4 h4 26. Bxe5 hxg3 27. Rxh8+ Kd7 28. Bxc7 g2 29. Bh2 Rxh8 30. Bg1 Be4 31. Rd1 Rh3 32. c4 Bd3 33. cxd5 Bf1 34. dxe6+ Kxe6 35. Nd2 Rh1 36. Nf3 f5 37. Re1+ Kf6 38. g5+ Kg6 39. Kd2 Rh3 40. Re3 Rh8 41. Re6+ Kh5 42. Ke3 Rc8 43. Kf4 Rc2 44. Ne5 Rxa2 45. Re8 Rxf2+ 46. Bxf2 g1=Q 47. Rh8# 1-0


[Site "https://www.chess.com"]

[Event "Titled Tuesday Blitz April 18 Early 2023"]
[White "Horobetz, Graham"]
[Black "hsd2016"]
[WhiteFideId "2047322"]
[WhiteElo "2619"]
[BlackElo "2200"]
[Result "1-0"]
[Round "07"]
[TimeControl "180+2"]
[Date "2023.04.18"]
[WhiteClock "0:01:24"]
[BlackClock "0:00:18"]

1. e4 e5 2. Nf3 Nc6 3. Bb5 a6 4. Ba4 Nf6 5. O-O Be7 6. Re1 b5 7. Bb3 O-O 8. c3 d5 9. exd5 Nxd5 10. Nxe5 Nxe5 11. Rxe5 c6 12. d4 Bd6 13. Re1 Qh4 14. g3 Qh3 15. Qf3 Bg4 16. Qg2 Qh5 17. Be3 Bf3 18. Qf1 Rae8 19. Nd2 Bg4 20. a4 Re6 21. axb5 Nxe3 22. Rxe3 Rh6 23. Qg2 axb5 24. Rae1 Bh3 25. Bd1 Qg6 26. Qxc6 f5 27. Re6 Qxe6 28. Rxe6 Rxe6 29. Bb3 1-0


[Site "https://www.chess.com"]

[Event "Titled Tuesday Blitz April 18 Early 2023"]
[White "Grigoriants, Sergey"]
[Black "Belov, Alexei"]
[WhiteFideId "4130804"]
[BlackFideId "4128206"]
[WhiteElo "2502"]
[BlackElo "2488"]
[Result "1-0"]
[Round "07"]
[TimeControl "180+2"]
[Date "2023.04.18"]
[WhiteClock "0:01:09"]
[BlackClock "0:01:26"]

1. d4 e6 2. c4 d5 3. Nf3 Nf6 4. g3 Be7 5. Bg2 O-O 6. Qc2 dxc4 7. Qxc4 a6 8. Qc2 Nc6 9. O-O Nxd4 10. Nxd4 Qxd4 11. Qxc7 Qc5 12. Qxc5 Bxc5 13. Nc3 e5 14. Bg5 Rb8 15. Rac1 Be6 16. Bxf6 gxf6 17. Rfd1 b5 18. Nd5 Kg7 19. Rxc5 1-0


[Site "https://www.chess.com"]

[Event "Titled Tuesday Blitz April 18 Early 2023"]
[White "Jaskolka, Tomasz"]
[Black "Bilych, Olexiy"]
[WhiteFideId "1170791"]
[BlackFideId "14156504"]
[WhiteElo "2155"]
[BlackElo "2320"]
[Result "0-1"]
[Round "07"]
[TimeControl "180+2"]
[Date "2023.04.18"]
[WhiteClock "0:00:02"]
[BlackClock "0:01:31"]

1. d4 d5 2. Bf4 c5 3. e3 Nc6 4. c3 Qb6 5. Qb3 c4 6. Qc2 e5 7. dxe5 Bf5 8. Qc1 g5 9. Bg3 Bg7 10. Nf3 Nge7 11. Nxg5 Nxe5 12. Bxe5 Bxe5 13. Nf3 Bg7 14. Nd4 Bg6 15. Be2 h5 16. Nd2 Nc6 17. N2f3 O-O 18. O-O Rac8 19. Qd2 Rfd8 20. Rfd1 Qc7 21. Nxc6 bxc6 22. b3 Qa5 23. b4 Qa3 24. Nd4 a5 25. Rab1 axb4 26. Rxb4 c5 27. Nb5 Bxc3 28. Nxa3 Bxd2 29. Rb7 Bb4 30. Nb5 c3 31. a4 c2 32. Rf1 Bd2 33. a5 Bxa5 34. Na3 d4 35. exd4 cxd4 36. Bc4 d3 37. f4 d2 38. f5 d1=Q 39. fxg6 Qxf1+ 40. Bxf1 c1=Q 41. gxf7+ Kf8 42. Nb5 Qe3+ 43. Kh1 Rc1 0-1


[Site "https://www.chess.com"]

[Event "Titled Tuesday Blitz April 18 Early 2023"]
[White "Skliarov, Viktor"]
[Black "Toncheva, Nadya"]
[WhiteFideId "14106736"]
[BlackFideId "2924056"]
[WhiteElo "2317"]
[BlackElo "2101"]
[Result "0-1"]
[Round "07"]
[TimeControl "180+2"]
[Date "2023.04.18"]
[WhiteClock "0:00:01"]
[BlackClock "0:00:08"]

1. e4 c5 2. Nf3 Nc6 3. Bb5 e6 4. Bxc6 bxc6 5. d3 f6 6. h4 Ne7 7. h5 Qc7 8. Qe2 e5 9. Nh4 d6 10. f4 Be6 11. O-O O-O-O 12. a3 g6 13. b4 d5 14. f5 gxf5 15. exf5 Bf7 16. bxc5 d4 17. Nd2 Nd5 18. Ne4 Rg8 19. Bd2 Be8 20. h6 Qf7 21. Rab1 Qh5 22. Qxh5 Bxh5 23. Kf2 Rd7 24. Rb3 Rb7 25. Rfb1 Rxb3 26. cxb3 Rg4 27. g3 Be7 28. b4 a6 29. a4 Rg8 30. b5 axb5 31. axb5 cxb5 32. Rxb5 Kc7 33. Ra5 Rb8 34. Ra7+ Kc6 35. Ra6+ Kc7 36. Ba5+ Kd7 37. c6+ Kc8 38. c7 Nxc7 39. Rc6 Rb2+ 40. Ke1 Rb7 41. Nxf6 Bxf6 42. Rxf6 Nd5 43. Rf8+ Kd7 44. f6 Rb1+ 45. Kd2 Ne3 46. Rd8+ Ke6 47. g4 Bxg4 48. Re8+ Kxf6 49. Bd8+ Kf7 50. Re7+ Kf8 51. Rxe5 Rd1# 0-1


[Site "https://www.chess.com"]

[Event "Titled Tuesday Blitz April 18 Early 2023"]
[White "Coenen, Michael"]
[Black "Mendez Fortes, Eduardo Jesus"]
[WhiteFideId "4697367"]
[BlackFideId "3502376"]
[WhiteElo "2328"]
[BlackElo "2307"]
[Result "0-1"]
[Round "07"]
[TimeControl "180+2"]
[Date "2023.04.18"]
[WhiteClock "0:00:01"]
[BlackClock "0:00:05"]

1. e4 c5 2. Nf3 d6 3. Nc3 Nf6 4. e5 dxe5 5. Nxe5 e6 6. g3 Bd6 7. Nc4 Be7 8. Bg2 O-O 9. O-O Nc6 10. d3 Nd4 11. a4 Rb8 12. Bf4 Ra8 13. Re1 Nd5 14. Nxd5 exd5 15. Ne3 Be6 16. c3 Nc6 17. Nc2 Bf6 18. Qf3 Qd7 19. h3 Rad8 20. Kh2 a6 21. Qe2 Rfe8 22. Qd2 Na5 23. Rad1 Nb3 24. Qe2 Bxh3 25. Bxh3 Rxe2 26. Rxe2 Qxa4 27. Bc7 Ra8 28. Rde1 g6 29. Bd6 Qc6 30. Bf4 Kg7 31. Bg2 Qd7 32. Be5 Bxe5 33. Rxe5 d4 34. Re7 Qf5 35. cxd4 Nxd4 36. Nxd4 cxd4 37. Rxb7 Qh5+ 38. Kg1 Rd8 39. Ree7 Qf5 40. Be4 Qf6 41. Rec7 Rd6 42. Kg2 h5 43. b4 Rb6 44. Rxb6 Qxb6 45. Rb7 Qd6 46. Kf3 g5 47. Kg2 h4 48. Bf5 Qe5 49. Be4 Qe6 50. Rc7 Kf8 51. Rc6 Qb3 52. Rc4 Qb2 53. Kh3 Qxf2 0-1


[Site "https://www.chess.com"]

[Event "Titled Tuesday Blitz April 18 Early 2023"]
[White "Stepanencu, Nicodim-Cosmin"]
[Black "Hua, Lefong"]
[WhiteFideId "1256220"]
[BlackFideId "2602253"]
[WhiteElo "2185"]
[BlackElo "2633"]
[Result "0-1"]
[Round "07"]
[TimeControl "180+2"]
[Date "2023.04.18"]
[WhiteClock "0:00:01"]
[BlackClock "0:00:04"]

1. d4 Nf6 2. Nf3 g6 3. h4 h5 4. Bg5 Bg7 5. Nbd2 O-O 6. c3 d6 7. e3 c5 8. dxc5 dxc5 9. Bc4 Nc6 10. a4 b6 11. Qe2 Bg4 12. Bb5 Ne5 13. Qf1 Nxf3+ 14. gxf3 Be6 15. O-O-O Qc7 16. Ne4 Nxe4 17. fxe4 a6 18. Bc4 Bxc4 19. Qxc4 b5 20. Qd5 bxa4 21. Qd7 Qa5 22. Bxe7 a3 23. Bxf8 axb2+ 24. Kb1 Rxf8 25. f4 Rb8 26. e5 Qa1+ 27. Kc2 b1=Q+ 28. Rxb1 Qa2+ 29. Kd3 c4+ 30. Kd4 Rxb1 31. Qe8+ Kh7 32. Rxb1 Qxb1 33. Qxf7 Qd3+ 34. Kc5 Qxc3 35. e6 Qxe3+ 36. Kxc4 Qd4+ 37. Kb3 Qf6 38. Qe8 Qc3+ 39. Ka4 Qc4+ 40. Ka3 Qc3+ 41. Ka4 Qd4+ 42. Ka5 Qxf4 43. e7 Qe5+ 44. Kxa6 Qd6+ 45. Kb7 Qd5+ 46. Kc7 Be5+ 47. Kb6 Bd4+ 48. Ka6 Qc4+ 49. Qb5 Qe6+ 0-1


[Site "https://www.chess.com"]

[Event "Titled Tuesday Blitz April 18 Early 2023"]
[White "Chernov, Mikhail"]
[Black "Iskusnyh, Sergei"]
[WhiteFideId "24143170"]
[BlackFideId "4120027"]
[WhiteElo "2113"]
[BlackElo "2492"]
[Result "0-1"]
[Round "07"]
[TimeControl "180+2"]
[Date "2023.04.18"]
[WhiteClock "0:00:13"]
[BlackClock "0:00:51"]

1. d4 d5 2. Nc3 Nf6 3. Bf4 c5 4. e3 cxd4 5. exd4 Bg4 6. Be2 Bxe2 7. Ncxe2 Nc6 8. Nf3 e6 9. O-O Be7 10. c3 O-O 11. Ne5 Nd7 12. Nxd7 Qxd7 13. Qd3 Bd6 14. Bxd6 Qxd6 15. Rad1 Rab8 16. a4 a6 17. Qg3 Qxg3 18. hxg3 Na5 19. Nf4 Nc4 20. Nd3 a5 21. Ra1 b5 22. axb5 Rxb5 23. Ra2 Rfb8 24. Rc1 g5 25. g4 Kg7 26. Kh2 Nxb2 27. Nxb2 Rxb2 28. Rxa5 Rxf2 29. Kg3 Rbb2 30. Rg1 Rfd2 31. Rc5 Rbc2 32. Rc7 Rd3+ 33. Kh2 Rdxc3 34. Rd7 Rc7 35. Rd8 R2c4 36. Ra1 Rxd4 37. Raa8 Rxg4 38. Rg8+ Kf6 39. Rh8 Rh4+ 0-1


[Site "https://www.chess.com"]

[Event "Titled Tuesday Blitz April 18 Early 2023"]
[White "Sieciechowicz, Marcin"]
[Black "Rom, Jasper"]
[WhiteFideId "1130170"]
[BlackFideId "2023733"]
[WhiteElo "2302"]
[BlackElo "2233"]
[Result "1-0"]
[Round "07"]
[TimeControl "180+2"]
[Date "2023.04.18"]
[WhiteClock "0:00:40"]
[BlackClock "0:00:11"]

1. d4 d5 2. c4 e6 3. Nc3 c6 4. Nf3 dxc4 5. a4 Bb4 6. e3 b5 7. Bd2 a5 8. Ne5 Nf6 9. Rb1 Qb6 10. Qf3 Bb7 11. Qg3 O-O 12. f3 Nbd7 13. Be2 Nxe5 14. dxe5 Nd5 15. f4 Bc5 16. Ne4 Bxe3 17. Nf6+ Kh8 18. Bxe3 Qxe3 19. Qxe3 Nxe3 20. Nd7 Rfd8 21. Nc5 Bc8 22. Kf2 Nd5 23. Rhd1 Bd7 24. Bf3 Be8 25. g3 Nb4 26. axb5 Rab8 27. Rxd8 Rxd8 28. b6 Nd3+ 29. Nxd3 cxd3 30. Ra1 Kg8 31. Rxa5 d2 32. b7 Rb8 33. Ra8 1-0


[Site "https://www.chess.com"]

[Event "Titled Tuesday Blitz April 18 Early 2023"]
[White "HamedWafa4"]
[Black "Kim, Sergey"]
[BlackFideId "13700570"]
[WhiteElo "2471"]
[BlackElo "2609"]
[Result "0-1"]
[Round "07"]
[TimeControl "180+2"]
[Date "2023.04.18"]
[WhiteClock "0:00:21"]
[BlackClock "0:00:34"]

1. e4 e5 2. Nf3 Nc6 3. Bb5 a6 4. Ba4 Nf6 5. O-O b5 6. Bb3 Bc5 7. d3 d6 8. h3 h6 9. Nc3 O-O 10. a4 Rb8 11. axb5 axb5 12. Be3 Bb6 13. Re1 Be6 14. Nd5 Bxd5 15. exd5 Ne7 16. Bxb6 Rxb6 17. d4 e4 18. Nd2 Nexd5 19. Nxe4 Nxe4 20. Rxe4 Nf6 21. Rf4 d5 22. c3 Re6 23. Qf3 Rfe8 24. Rf5 c6 25. Bc2 Qd6 26. g3 Re2 27. Rc1 Qe6 28. Kg2 Rd2 29. Re5 Qd7 30. Bf5 Qd8 31. Rce1 Rxb2 32. Qe3 Rf8 33. Bd3 Qd6 34. Re7 Rb3 35. Qf3 Kh8 36. Bc2 Rb2 37. R1e2 Rxc2 38. Rxf7 Rxe2 39. Rxf8+ Qxf8 40. Qxe2 Qe8 41. Qa2 Ne4 42. Qa3 Qf8 43. f4 Qxa3 0-1


[Site "https://www.chess.com"]

[Event "Titled Tuesday Blitz April 18 Early 2023"]
[White "Arias, Juan Cruz"]
[Black "Omariev, Maksim"]
[WhiteFideId "118540"]
[BlackFideId "4193423"]
[WhiteElo "2243"]
[BlackElo "2467"]
[Result "1-0"]
[Round "07"]
[TimeControl "180+2"]
[Date "2023.04.18"]
[WhiteClock "0:01:23"]
[BlackClock "0:00:04"]

1. e4 c5 2. Nc3 d6 3. g3 Nc6 4. Bg2 g6 5. d3 Bg7 6. f4 e6 7. Nf3 Nge7 8. O-O O-O 9. Bd2 a6 10. Rb1 b5 11. a3 Bb7 12. h3 Qd7 13. g4 f5 14. Ne2 fxe4 15. dxe4 d5 16. e5 d4 17. Ng3 Nd5 18. Ng5 Qe7 19. N3e4 Rad8 20. Nxe6 Qxe6 21. Nxc5 Qe7 22. Nxb7 Qxb7 23. Qe2 Qb6 24. Kh1 Na5 25. b3 Nc6 26. Rbe1 Nce7 27. Qd3 Qc5 28. f5 Nc6 29. f6 Nxf6 30. exf6 Rxf6 31. Rxf6 Bxf6 32. Re6 Rd6 33. Qe4 Ne5 34. Bb4 Qxb4 35. axb4 Rxe6 36. Qxd4 Kg7 37. Qa7+ Kh6 38. Bd5 Rd6 39. Qc5 Be7 40. c4 bxc4 41. bxc4 Nd7 42. Qe3+ Bg5 43. Qe4 Nf6 44. Qe5 Rd8 45. Qg3 Nxd5 46. cxd5 Rxd5 47. h4 Bd2 48. g5+ Kg7 49. Qc7+ Kf8 50. Qc8+ Ke7 51. Qxa6 Rd7 52. Qe2+ Kf7 53. Qc4+ Ke7 54. b5 Rd6 55. b6 Rxb6 56. Qc7+ Ke6 57. Qxb6+ Kf5 58. Qb7 Bf4 59. Qxh7 Bg3 60. h5 Kxg5 61. Qxg6+ Kh4 62. h6 Kh3 63. Qxg3+ Kxg3 64. h7 1-0


[Site "https://www.chess.com"]

[Event "Titled Tuesday Blitz April 18 Early 2023"]
[White "Bodnaruk, Anastasia"]
[Black "Golubev, Mikhail"]
[WhiteFideId "4181751"]
[BlackFideId "14100983"]
[WhiteElo "2310"]
[BlackElo "2374"]
[Result "1-0"]
[Round "07"]
[TimeControl "180+2"]
[Date "2023.04.18"]
[WhiteClock "0:00:35"]
[BlackClock "0:00:01"]

1. e4 c5 2. Nc3 Nc6 3. Bb5 Nd4 4. Bc4 e6 5. Nge2 a6 6. a4 Qc7 7. d3 Nf6 8. h3 Be7 9. O-O O-O 10. Be3 Nxe2+ 11. Qxe2 Rd8 12. Qf3 d6 13. Ba2 b6 14. d4 cxd4 15. Bxd4 Bb7 16. Rfe1 Nd7 17. Qg3 Bf6 18. Rad1 Rac8 19. Kh1 Bxd4 20. Rxd4 Nf6 21. Bb3 Qe7 22. Qe3 Nd7 23. f4 Nc5 24. Ba2 e5 25. Rd2 exf4 26. Qxf4 Rf8 27. Qxd6 Qg5 28. Rde2 Rce8 29. Bd5 Bxd5 30. Qxd5 Qf6 31. e5 1-0


[Site "https://www.chess.com"]

[Event "Titled Tuesday Blitz April 18 Early 2023"]
[White "Shevtchenko, Olesya"]
[Black "Melikhov, Evgeny V."]
[WhiteFideId "24131890"]
[BlackFideId "4122046"]
[WhiteElo "2003"]
[BlackElo "2158"]
[Result "1-0"]
[Round "07"]
[TimeControl "180+2"]
[Date "2023.04.18"]
[WhiteClock "0:02:07"]
[BlackClock "0:01:06"]

1. e4 e5 2. Nf3 Nc6 3. Nc3 Nf6 4. Bb5 Bb4 5. O-O O-O 6. d3 d6 7. Bxc6 bxc6 8. Ne2 h6 9. Ng3 Re8 10. a4 a5 11. c3 Bc5 12. Re1 Bb6 13. Be3 Bxe3 14. Rxe3 c5 15. h3 Rb8 16. Qd2 Bd7 17. Nh2 Rb3 18. Rf3 Qb8 19. Rxf6 gxf6 20. Qxh6 Rxb2 21. Nh5 Rb1+ 22. Nf1 1-0


[Site "https://www.chess.com"]

[Event "Titled Tuesday Blitz April 18 Early 2023"]
[White "Sandoval Mercado, Carlos"]
[Black "MKlose11"]
[WhiteFideId "5109434"]
[WhiteElo "2257"]
[BlackElo "2582"]
[Result "0-1"]
[Round "07"]
[TimeControl "180+2"]
[Date "2023.04.18"]
[WhiteClock "0:00:03"]
[BlackClock "0:00:07"]

1. Nf3 Nf6 2. g3 g6 3. Bg2 c5 4. O-O Nc6 5. d3 Bg7 6. e4 d6 7. c3 O-O 8. Re1 Rb8 9. d4 cxd4 10. cxd4 Bg4 11. Nc3 b5 12. h3 Bxf3 13. Bxf3 b4 14. Ne2 Nd7 15. Be3 Nb6 16. Rc1 Rc8 17. Qd2 d5 18. exd5 Nxd5 19. Bh6 e6 20. Bxg7 Kxg7 21. Nf4 Nxf4 22. Qxf4 Ne7 23. Qe5+ Kg8 24. Rxc8 Qxc8 25. Qc5 Qxc5 26. dxc5 Rc8 27. Rc1 Rc7 28. Kf1 e5 29. Ke2 f5 30. Ba8 Kf7 31. Kd3 Nc8 32. Rc4 Ke6 33. c6 Nb6 34. Bb7 Nxc4 35. Kxc4 Kd6 36. Kxb4 e4 37. Kc4 g5 38. Kd4 Re7 39. h4 h6 40. b4 f4 0-1


[Site "https://www.chess.com"]

[Event "Titled Tuesday Blitz April 18 Early 2023"]
[White "Sargissyan, Sargis"]
[Black "Ezat, Mohamed"]
[WhiteFideId "13303210"]
[BlackFideId "10600906"]
[WhiteElo "2109"]
[BlackElo "2386"]
[Result "0-1"]
[Round "07"]
[TimeControl "180+2"]
[Date "2023.04.18"]
[WhiteClock "0:00:01"]
[BlackClock "0:00:09"]

1. e4 e5 2. Nf3 Nc6 3. Bb5 Nge7 4. Nc3 d6 5. d4 Bd7 6. Bg5 Qc8 7. Bxe7 Bxe7 8. Bxc6 Bxc6 9. dxe5 O-O 10. O-O Rd8 11. Qe2 Qe6 12. exd6 Bxd6 13. Rad1 Re8 14. Nd4 Qh6 15. g3 Bd7 16. f4 Bh3 17. Rfe1 Rad8 18. Qf2 Bg4 19. Rd3 a6 20. Nb3 Bb4 21. Rd4 Qb6 22. Rxd8 Rxd8 23. Qxb6 cxb6 24. Kf2 a5 25. a3 Bf8 26. Nd5 Be6 27. Rd1 a4 28. Nc1 Rc8 29. c3 b5 30. Ne2 Bg4 31. Rd2 Bc5+ 32. Nd4 Rd8 33. Ne3 Bc8 34. Nf3 Re8 35. e5 b6 36. Nd4 f6 37. exf6 gxf6 38. Nec2 Bf5 39. Re2 Rd8 40. Ne3 Bd3 41. Rd2 Be4 42. g4 Kf7 43. f5 h5 44. h3 Rh8 45. Kg3 hxg4 46. Nxg4 Bd6+ 47. Kf2 Bb7 48. Nf3 Bc5+ 0-1


[Site "https://www.chess.com"]

[Event "Titled Tuesday Blitz April 18 Early 2023"]
[White "Manukian, Artak"]
[Black "Tasev, Dejan"]
[WhiteFideId "13301373"]
[BlackFideId "936618"]
[WhiteElo "2130"]
[BlackElo "2244"]
[Result "1/2-1/2"]
[Round "07"]
[TimeControl "180+2"]
[Date "2023.04.18"]
[WhiteClock "0:00:30"]
[BlackClock "0:00:24"]

1. e4 e5 2. Nf3 Nc6 3. d4 exd4 4. Nxd4 Bc5 5. Nxc6 bxc6 6. Bc4 d6 7. Qh5 Qe7 8. O-O Nf6 9. Qh4 O-O 10. Bg5 h6 11. Bxf6 Qxf6 12. Qxf6 gxf6 13. Nd2 a5 14. a4 Re8 15. Rfe1 Re7 16. Rad1 Bd7 17. Kf1 Rae8 18. Bd3 Rb8 19. b3 Bb4 20. Re2 Bxd2 21. Rdxd2 c5 22. f3 Bc6 23. Bc4 Re5 24. Bd5 Bd7 25. g4 Kg7 26. Kf2 Rb4 27. Bc4 Bc6 28. Bd5 Bd7 29. Re3 Rb8 30. Bc4 Rh8 31. Rd5 h5 32. Rxe5 fxe5 33. Kg3 h4+ 34. Kf2 f6 35. h3 Kg6 36. Rd3 Kg5 37. Ke3 Bc6 38. Bd5 Bd7 39. Bc4 Rb8 40. Rc3 Rb4 41. Be2 Rd4 42. Rd3 Bc6 43. c4 Bb7 44. Bf1 c6 45. Be2 d5 46. exd5 cxd5 47. Rxd4 cxd4+ 48. Kf2 dxc4 49. bxc4 Bc6 50. Bd1 Kf4 51. c5 f5 52. gxf5 Kxf5 53. Bc2+ Kf4 54. Be4 Bxa4 55. c6 Bb3 56. c7 Be6 57. Bb7 a4 58. c8=Q Bxc8 59. Bxc8 a3 60. Be6 d3 61. Ba2 e4 62. fxe4 Kxe4 63. Ke1 Ke3 64. Kd1 d2 65. Be6 Kd3 66. Ba2 Kc3 67. Bf7 Kd3 68. Ba2 Ke3 69. Be6 Kd3 70. Ba2 1/2-1/2


[Site "https://www.chess.com"]

[Event "Titled Tuesday Blitz April 18 Early 2023"]
[White "Vlassov, Nikolai"]
[Black "Orujov2008"]
[WhiteFideId "4103360"]
[WhiteElo "2324"]
[BlackElo "2438"]
[Result "1-0"]
[Round "07"]
[TimeControl "180+2"]
[Date "2023.04.18"]
[WhiteClock "0:00:13"]
[BlackClock "0:00:02"]

1. e4 e5 2. Bc4 Nf6 3. d3 Nc6 4. Nf3 d5 5. exd5 Nxd5 6. O-O Nb6 7. Bb5 Bd6 8. Re1 Bg4 9. h3 Bh5 10. g4 Bg6 11. Nxe5 O-O 12. Nxc6 bxc6 13. Bxc6 Rb8 14. Nd2 f5 15. Nf1 fxg4 16. hxg4 Qh4 17. Be3 h5 18. c4 hxg4 19. c5 g3 20. fxg3 Bxg3 21. Re2 Bh5 22. cxb6 cxb6 23. Qb3+ Kh8 24. Rg2 Bd6 25. Qe6 Rbd8 26. d4 Bb8 27. Rc1 Rd6 28. Qe4 Qf6 29. Ng3 Bg6 30. Rh2+ Kg8 31. Bd5+ Bf7 32. Bxf7+ Qxf7 33. Rf1 Qg6 34. Rxf8+ Kxf8 35. Rh8+ Kf7 36. Qe8+ Kf6 37. Rf8+ 1-0


[Site "https://www.chess.com"]